 Dungeon Crawl Stone Soup version 0.31.0-7-gf635a9b802 (webtiles) character file.

Game seed: 13310600148754550195

59179 inmateoo the Skirmisher (level 15, -3/103 HPs)
             Began as a Djinni Hunter on Jan 23, 2024.
             Was the Champion of Makhleb.
             Killed from afar by an acid dragon (30 damage)
             ... with a splash of acid
             ... on level 5 of the Lair of Beasts.
             The game lasted 00:44:30 (16659 turns).

inmateoo the Skirmisher (Djinni Hunter)            Turns: 16659, Time: 00:44:31

Health: -3/103     AC:  8    Str: 10    XL:     15   Next: 33%
Gold:   1151       EV: 23    Int: 10    God:    Makhleb [******] SH:  0 Dex: 21

rFire   + + .        a - +2 shortbow (drain)
rCold   + . .        (shield currently unavailable)
rNeg    . . .        u - +1 steam dragon scales
rPois   ∞            (no helmet)
rElec   .            K - scarf "Yhullin" {shadows, rC++ Will++ Int-4}
rCorr   .            I - +0 pair of gloves
SInv    .            (boots unavailable)
Will    +++..        r - amulet of regeneration
Stlth   +++          l - +5 ring of evasion
HPRegen 1.17/turn    o - ring of wizardry
MPRegen 0.00/turn

%: wizardry (x1), infuse magic (-4 HP)
@: flying
A: sickness immunity, fire resistance 2, cold vulnerability 1, float, innate
caster, HP casting, extra vitality 1
a: Renounce Religion, Minor Destruction, Lesser Servant of Makhleb, Major
Destruction, Greater Servant of Makhleb


You were on level 5 of the Lair of Beasts.
You worshipped Makhleb.
Makhleb was exalted by your worship.
You visited 2 branches of the dungeon, and saw 18 of its levels.

You collected 2019 gold pieces.
You spent 868 gold pieces at shops.

Inventory:

Hand Weapons
 a - a +2 shortbow of draining (weapon)
 b - a +3 spear
 x - a +0 longbow
 O - the +8 flail of Tuuxec {freeze, rN+ Dex+4}
   (You took it off a gnoll on level 11 of the Dungeon)

   Dex+4:     It affects your dexterity (+4).
   rN+:       It protects you from negative energy.
Missiles
 y - a throwing net
Armour
 u - +1 steam dragon scales (worn)
 I - a +0 pair of gloves (worn)
 K - the scarf "Yhullin" (worn) {shadows, rC++ Will++ Int-4}
   (You acquired it on level 12 of the Dungeon)

   Int-4:     It affects your intelligence (-4).
   rC++:      It greatly protects you from cold.
   Will++:    It greatly increases your willpower.
Jewellery
 f - a ring of see invisible
 l - a +5 ring of evasion (left hand)
 m - a ring of protection from cold
 o - a ring of wizardry (right hand)
 r - an amulet of regeneration (around neck)
 D - the ring "Kamod" {rPois Will+ Str+6}
   (You bought it in a shop on level 12 of the Dungeon)

   [ring of willpower]

   Str+6:     It affects your strength (+6).
   rPois:     It protects you from poison Will+: It increases your willpower.
 G - a ring of protection from cold
 N - a +4 ring of protection
Wands
 c - a wand of flame (19)
 i - a wand of digging (10)
 z - a wand of light (8)
 C - a wand of iceblast (19)
 H - a wand of polymorph (4)
 L - a wand of charming (5)
Scrolls
 g - 3 scrolls of fear
 h - 3 scrolls of enchant armour
 q - 8 scrolls of teleportation
 s - 3 scrolls of enchant weapon
 v - 2 scrolls of silence
 P - a scroll of blinking
 S - a scroll of vulnerability
 T - 2 scrolls of identify
 U - a scroll of revelation
 V - a scroll of fog
Potions
 d - 3 potions of mutation
 e - 6 potions of curing
 k - a potion of invisibility
 n - 7 potions of haste
 p - 4 potions of enlightenment
 t - a potion of cancellation
 w - 2 potions of lignification
 A - a potion of attraction
 B - 2 potions of magic
 E - a potion of heal wounds
 F - 4 potions of might
 J - 2 potions of berserk rage
 M - 3 potions of resistance
 R - 2 potions of brilliance
Miscellaneous
 j - a tin of tremorstones (2/2)


   Skills:
 - Level 8.0 Fighting
 - Level 7.0 Polearms
 + Level 13.0 Ranged Weapons
 - Level 4.0 Armour
 - Level 8.0 Dodging
 - Level 4.0 Stealth
 * Level 11.7 Spellcasting
 * Level 11.7 Conjurations
 * Level 11.7 Hexes
   Level 0.0 Charms
 * Level 11.7 Summonings
 * Level 11.7 Necromancy
 * Level 11.7 Translocations
   Level 0.0 Transmutations
 * Level 11.7 Fire Magic
 * Level 11.7 Ice Magic
 * Level 11.7 Air Magic
 * Level 11.7 Earth Magic
 * Level 11.7 Alchemy
 - Level 5.0 Invocations


You knew the following spells:

 Your Spells              Type           Power      Damage    Failure   Level
a - Foxfire               Conj/Fire      100%       2x1d9     1%          1
b - Blink                 Tloc           58%        N/A       1%          2
c - Teleport Other        Tloc           29%        N/A       1%          3
d - Summon Blazeheart Go  Fire/Summ      29%        N/A       1%          4
e - Curse of Agony        Necr           29%        N/A       1%          5
f - Borgnjor's Vile Clut  Necr/Erth      14%        N/A       1%          5
g - Starburst             Conj/Fire      14%        6d6       6%          6
Your spell library was empty.

Dungeon Overview and Level Annotations

Branches:
Dungeon (13/15)            Temple (0/1) D:6            Lair (4/5) D:9
 Shoals (0/4) Lair:3        Snake (0/4) Lair:2        Slime (0/5) Lair:4
    Orc (0/2) D:10
 Vaults: D:13-14

Altars:
Ashenzari
Fedhas
Makhleb
Nemelex Xobeh
Qazlal
Uskayaw
Xom
Zin
The Shining One
Jiyva

Shops:
D:9 =   D:12 =****

Annotations:
Lair:4 2 runed translucent doors, Fiha's ghost, journeyman VSSh


Innate Abilities, Weirdness & Mutations

You are immune to sickness and miasma.
You are immune to poison.
Your flesh is very heat resistant. (rF++)
You are vulnerable to cold. (rC-)
You float through the air rather than walking.
You learn spells naturally, not from books.
Your magical power is your life essence.
You have superior vitality. (+4 MHP)


Message History

You kill the fire dragon!
Makhleb accepts your kill.
You feel better.
The fire dragon scales are intact enough to wear.
The forest fire spreads! x2
You start resting.
The forest fire spreads!
You start resting.
The forest fire spreads! x3
You start resting.
The forest fire spreads! x3
You start resting.
The forest fire spreads!
You start resting.
An acid dragon comes into view.
The forest fire spreads!
An acid dragon is nearby!
You are too injured to fight recklessly!
You are too injured to fight recklessly!
You are too injured to fight recklessly!
Fire: a) +2 shortbow (drain)
Press: ? - help, Q - select action, (/) - cycle Shift-Dir - straight line, f - acid dragon
Aim: an acid dragon (wandering, hasn't noticed you, 73% to hit)
You shoot an arrow. The acid dragon roars!
The arrow hits the acid dragon!
The acid dragon is moderately wounded.
Fire: a) +2 shortbow (drain)
Press: ? - help, Q - select action, (/) - cycle Shift-Dir - straight line, f/p - acid dragon
Aim: an acid dragon (moderately wounded, 73% to hit)
You shoot an arrow.
The arrow barely misses the acid dragon.
The acid dragon spits acid at you. The splash of acid hits you!!
* * * LOW HITPOINT WARNING * * *
Fire: a) +2 shortbow (drain)
Press: ? - help, Q - select action, (/) - cycle Shift-Dir - straight line, f/p - acid dragon
Aim: an acid dragon (moderately wounded, 73% to hit)
You shoot an arrow.
The arrow closely misses the acid dragon.
The acid dragon spits acid at you. The splash of acid hits you!!
You die...

♣♣~†♣..♣....~♣♣.~≈≈~♣
♣.♣~≈♣♣♣.♣≈.♣♣§§≈≈≈~♣
♣♣..~♣♣..≈°♣♣♣~≈≈≈≈.♣
♣..♣~~♣♣≈~°§§§§~~≈≈~♣
♣♣.♣♣~≈≈≈.°.°§§~≈≈≈~♣
♣P. ....§§§§§§.≈≈~.♣
♣.. .~~♣§§§(.~≈≈~..♣
♣♣.♣..~♣§§§?.[≈≈~.♣
.~≈♣..?[.@.~.♣♣
D.§○○$.~≈...♣
~~§§♣...≈~.§♣
P~○♣♣~~≈~.♣♣§# ..~
♣♣~~..♣ ## ♣. ≈~P♣♣♣
~..♣


You could see an acid dragon (catching breath).

Vanquished Creatures
  Jorgrun (D:12)
  A fire dragon (Lair:5)
  A hydra (Lair:5)
  A two-headed ogre (D:11)
  A boulder beetle (D:12)
  4 death yaks (Lair:4)
  Sonja (Lair:4)
  The ghost of MisterFreud the Destroyer, a novice DsCj (D:6)
  Lodul (D:12)
  A swamp dragon (Lair:5)
  A lindwurm (Lair:4)
  Pikel (D:7)
  A deep elf pyromancer (D:12)
  2 ugly things
  4 cyclopes
  15 elephants
  2 black mambas
  Joseph (D:7)
  5 cane toads
  A torpor snail (Lair:3)
  A gargoyle (D:12)
  Maggie (D:6)
  7 komodo dragons
  3 rime drakes (Lair:4)
  A tengu conjurer (D:12)
  3 burning bushes (Lair:2)
  2 trolls
  A polar bear (Lair:5)
  3 hornets
  11 dream sheep
  26 blink frogs
  8 slime creatures (D:12)
  Sigmund (D:6)
  3 wyverns
  A water elemental (Lair:3)
  A shadow (D:11)
  3 wraiths
  40 yaks
  4 basilisks
  Eustachio (D:4)
  12 vampire mosquitoes
  4 steam dragons
  Edmund (D:6)
  A naga (Lair:2)
  2 acid dragons
  Duvessa (D:4)
  A nameless horror (D:8)
  10 water moccasins
  3 orc warriors
  A black bear (D:5)
  A sky beast (D:6)
  An ice beast (D:8)
  2 swamp drakes (Lair:5)
  2 ogres (D:12)
  A centaur (D:12)
  6 wolves
  2 lemures (D:7)
  2 phantoms
  2 kobold brigands
  Blork the orc (D:6)
  8 bullfrogs
  A gnoll sergeant (D:11)
  A scorpion (D:5)
  22 wights
  Dowan (D:4)
  A killer bee (D:8)
  4 electric eels
  4 howler monkeys
  A centaur zombie (D:7)
  A bombardier beetle (D:3)
  A jelly (D:6)
  7 orc priests
  A gnoll bouda (D:5)
  4 hounds (D:5)
  9 iguanas
  3 sleepcaps
  Natasha (twice) (D:4)
  13 orc wizards
  3 hell rats (Lair:1)
  2 killer bee zombies (D:7)
  A mummy (D:7)
  7 gnolls
  12 adders
  2 shadow imps
  A white imp (D:6)
  4 ribbon worms
  5 dart slugs
  56 orcs
  6 ball pythons
  5 endoplasms
  2 giant cockroaches (D:2)
  6 goblins
  5 hobgoblins
  14 kobolds
  5 quokkas
  2 bats
  5 frilled lizards
  10 rats
  A butterfly (Lair:1)
461 creatures vanquished.

Vanquished Creatures (collateral kills)
  Frances (D:12)
  A tengu warrior (D:12)
  A black mamba (Lair:1)
  An elephant (Lair:4)
  4 cane toads
  A kobold demonologist (D:6)
  2 komodo dragons
  A troll (D:10)
  3 blink frogs
  3 dream sheep
  A snapping turtle (Lair:3)
  A wraith (D:11)
  A basilisk (Lair:1)
  10 yaks
  A vampire mosquito (D:12)
  2 ogres
  2 wolves
  5 bullfrogs
  A scorpion (D:6)
  8 wights
  2 killer bees (D:8)
  A howler monkey (D:6)
  4 orc priests
  A hell rat (Lair:1)
  7 orc wizards
  An ogre zombie (D:7)
  5 gnolls
  A white imp (D:8)
  10 orcs
  A kobold (D:10)
83 creatures vanquished.

Vanquished Creatures (others)
  An orc wizard (D:2)
  103 blazeheart cores
104 creatures vanquished.

Grand Total: 648 creatures vanquished

Notes
Turn   | Place    | Note
-------+----------+-------------------------------------------
     0 | D:1      | inmateoo the Djinni Hunter began the quest for the Orb.
     0 | D:1      | Reached XP level 1. HP: 18/18 MP: 0/0
   111 | D:1      | Reached skill level 1 in Stealth
   118 | D:1      | Reached XP level 2. HP: 23/23 MP: 0/0
   286 | D:1      | Reached XP level 3. HP: 29/29 MP: 0/0
   286 | D:1      | Learned a level 1 spell: Foxfire
   817 | D:2      | Reached XP level 4. HP: 27/34 MP: 0/0
  1096 | D:2      | Reached XP level 5. HP: 25/40 MP: 0/0
  1096 | D:2      | Learned a level 2 spell: Blink
  1342 | D:2      | Found a faded altar of an unknown god.
  1672 | D:3      | Found a burning altar of Makhleb.
  1860 | D:3      | Reached skill level 4 in Ranged Weapons
  1860 | D:3      | Reached XP level 6. HP: 44/46 MP: 0/0
  1942 | D:3      | Became a worshipper of Makhleb the Destroyer
  2370 | D:4      | Noticed Dowan
  2372 | D:4      | Noticed Duvessa
  2395 | D:4      | Killed Duvessa
  2396 | D:4      | Reached XP level 7. HP: 51/51 MP: 0/0
  2396 | D:4      | Learned a level 3 spell: Teleport Other
  2415 | D:4      | Killed Dowan
  2518 | D:4      | Noticed Natasha
  2526 | D:4      | Killed Natasha
  2537 | D:4      | Noticed Natasha
  2541 | D:4      | Killed Natasha
  2640 | D:4      | Noticed Eustachio
  2668 | D:4      | Killed Eustachio
  2669 | D:4      | Reached skill level 1 in Spellcasting
  2669 | D:4      | Reached skill level 1 in Conjurations
  2669 | D:4      | Reached skill level 1 in Hexes
  2669 | D:4      | Reached skill level 1 in Summonings
  2669 | D:4      | Reached skill level 1 in Necromancy
  2669 | D:4      | Reached skill level 1 in Translocations
  2669 | D:4      | Reached skill level 1 in Fire Magic
  2669 | D:4      | Reached skill level 1 in Ice Magic
  2669 | D:4      | Reached skill level 1 in Air Magic
  2669 | D:4      | Reached skill level 1 in Earth Magic
  2669 | D:4      | Reached skill level 1 in Alchemy
  2783 | D:4      | Found a glowing golden altar of the Shining One.
  2786 | D:4      | Reached * piety under Makhleb
  3165 | D:5      | Entered Level 5 of the Dungeon
  3198 | D:5      | Reached XP level 8. HP: 51/58 MP: 0/0
  3416 | D:5      | Reached skill level 5 in Ranged Weapons
  3439 | D:5      | Found a broken altar of Ashenzari.
  3597 | D:5      | Reached skill level 5 in Fighting
  4230 | D:6      | Found a staircase to the Ecumenical Temple.
  4248 | D:6      | Noticed Sigmund
  4261 | D:6      | Killed Sigmund
  4273 | D:6      | Noticed Blork the orc
  4283 | D:6      | Killed Blork the orc
  4284 | D:6      | Reached skill level 6 in Ranged Weapons
  4284 | D:6      | Reached XP level 9. HP: 43/65 MP: 0/0
  4284 | D:6      | Learned a level 4 spell: Summon Blazeheart Golem
  4345 | D:6      | Found a runed translucent gate.
  4345 | D:6      | Noticed a kobold demonologist
  4346 | D:6      | Noticed MisterFreud's ghost (novice DsCj)
  4347 | D:6      | Found a runed translucent gate.
  4348 | D:6      | Found a runed translucent gate.
  4392 | D:6      | Noticed Maggie
  4397 | D:6      | Reached ** piety under Makhleb
  4403 | D:6      | Killed Maggie
  4517 | D:6      | Noticed Edmund
  4533 | D:6      | Reached skill level 7 in Ranged Weapons
  4555 | D:6      | Killed Edmund
  4866 | D:6      | Killed MisterFreud's ghost
  4867 | D:6      | Reached skill level 8 in Ranged Weapons
  4867 | D:6      | Reached skill level 5 in Spellcasting
  4867 | D:6      | Reached skill level 5 in Conjurations
  4867 | D:6      | Reached skill level 5 in Hexes
  4867 | D:6      | Reached skill level 5 in Summonings
  4867 | D:6      | Reached skill level 5 in Necromancy
  4867 | D:6      | Reached skill level 5 in Translocations
  4867 | D:6      | Reached skill level 5 in Fire Magic
  4867 | D:6      | Reached skill level 5 in Ice Magic
  4867 | D:6      | Reached skill level 5 in Air Magic
  4867 | D:6      | Reached skill level 5 in Earth Magic
  4867 | D:6      | Reached skill level 5 in Alchemy
  4867 | D:6      | Reached XP level 10. HP: 35/70 MP: 0/0
  4875 | D:6      | Noticed a sun demon
  4877 | D:6      | Killed a kobold demonologist
  4879 | D:6      | Reached skill level 9 in Ranged Weapons
  4940 | D:7      | Noticed Joseph
  4950 | D:7      | Killed Joseph
  5016 | D:7      | Noticed Pikel
  5024 | D:7      | Reached skill level 1 in Armour
  5024 | D:7      | Reached skill level 1 in Invocations
  5031 | D:7      | Killed Pikel
  5068 | D:7      | Found a glowing silver altar of Zin.
  5139 | D:7      | Reached *** piety under Makhleb
  5544 | D:7      | Found a blossoming altar of Fedhas.
  5546 | D:7      | Found a sparkling altar of Nemelex Xobeh.
  5936 | D:8      | Reached skill level 5 in Dodging
  6221 | D:8      | Reached **** piety under Makhleb
  6222 | D:8      | Reached XP level 11. HP: 59/76 MP: 0/0
  6222 | D:8      | Learned a level 5 spell: Curse of Agony
  7237 | D:9      | Found a staircase to the Lair.
  7401 | D:9      | Identified the +4 flail of the Briny Deep {freeze, *Noise
                  | rC++ Dex+9}
  7651 | D:9      | Found a stormy altar of Qazlal.
  7690 | D:9      | Reached skill level 1 in Polearms
  7929 | D:9      | Found Joxiun's Jewellery Shoppe.
  8188 | D:9      | Found a hide-covered altar of Uskayaw.
  8406 | D:9      | Identified a scroll of acquirement
  8416 | D:10     | Entered Level 10 of the Dungeon
  8456 | D:10     | Found a shimmering altar of Xom.
  8573 | D:10     | Reached ***** piety under Makhleb
  8581 | D:10     | Noticed a red ugly thing
  8588 | D:10     | Killed a red ugly thing
  8736 | D:10     | Reached XP level 12. HP: 62/85 MP: 0/0
  8795 | D:10     | You are sucked into a shaft and drop 1 floor!
  8901 | D:10     | Reached skill level 10 in Ranged Weapons
  8901 | D:10     | Reached skill level 5 in Invocations
  8945 | D:10     | Found a staircase to the Orcish Mines.
  9367 | D:11     | Noticed a two-headed ogre
  9377 | D:11     | Killed a two-headed ogre
  9545 | D:11     | Identified the +8 flail of Tuuxec {freeze, rN+ Dex+4}
 10385 | D:12     | Noticed Lodul
 10685 | D:12     | Noticed a tengu warrior
 10713 | D:12     | Killed a tengu warrior
 10714 | D:12     | Reached XP level 13. HP: 47/92 MP: 0/0
 10714 | D:12     | Learned a level 5 spell: Borgnjor's Vile Clutch
 10776 | D:12     | Found Bocuodaw's Jewellery Shoppe.
 10809 | D:12     | Found a stormy altar of Qazlal.
 10877 | D:12     | Found Fuwn's General Store.
 10897 | D:12     | Found Qosig's General Store.
 10911 | D:12     | Noticed Frances
 11142 | D:12     | Bought a scroll of teleportation for 33 gold pieces
 11169 | D:12     | Bought a scroll of teleportation for 45 gold pieces
 11169 | D:12     | Bought a potion of heal wounds for 75 gold pieces
 11169 | D:12     | Bought a potion of might for 60 gold pieces
 11170 | D:12     | Noticed Jorgrun
 11195 | D:12     | Killed Jorgrun
 11196 | D:12     | Reached skill level 5 in Polearms
 11196 | D:12     | Reached skill level 11 in Ranged Weapons
 11266 | D:12     | Killed Frances
 11450 | D:12     | Killed Lodul
 11523 | D:12     | Reached ****** piety under Makhleb
 11542 | D:12     | Found Otomil's Assorted Antiques.
 11545 | D:12     | Bought a faintly glowing amber ring for 140 gold pieces
 11545 | D:12     | Identified the ring "Kamod" {rPois Will+ Str+6} (You bought
                  | it in a shop on level 12 of the Dungeon)
 11545 | D:12     | Bought an amethyst potion for 25 gold pieces
 11545 | D:12     | Bought a glowing scarf for 224 gold pieces
 11545 | D:12     | Bought a scroll of identify for 56 gold pieces
 11597 | D:12     | Found Nalyolex's General Store.
 11689 | D:12     | Bought a potion of haste for 120 gold pieces
 11689 | D:12     | Bought a scroll of enchant weapon for 90 gold pieces
 12071 | D:12     | Acquired 796 gold pieces
 12073 | D:12     | Acquired the scarf "Yhullin" {shadows, rC++ Will++ Int-4}
 12539 | Lair:1   | Entered Level 1 of the Lair of Beasts
 13402 | Lair:2   | Reached XP level 14. HP: 93/98 MP: 0/0
 13782 | Lair:2   | Found a staircase to the Snake Pit.
 14091 | Lair:3   | Reached skill level 12 in Ranged Weapons
 14930 | Lair:3   | Found a staircase to the Shoals.
 15106 | Lair:4   | Reached skill level 10 in Spellcasting
 15106 | Lair:4   | Reached skill level 10 in Conjurations
 15106 | Lair:4   | Reached skill level 10 in Hexes
 15106 | Lair:4   | Reached skill level 10 in Summonings
 15106 | Lair:4   | Reached skill level 10 in Necromancy
 15106 | Lair:4   | Reached skill level 10 in Translocations
 15106 | Lair:4   | Reached skill level 10 in Fire Magic
 15106 | Lair:4   | Reached skill level 10 in Ice Magic
 15106 | Lair:4   | Reached skill level 10 in Air Magic
 15106 | Lair:4   | Reached skill level 10 in Earth Magic
 15106 | Lair:4   | Reached skill level 10 in Alchemy
 15264 | Lair:4   | Noticed Sonja
 15315 | Lair:4   | Killed Sonja
 15388 | Lair:4   | Reached XP level 15. HP: 101/103 MP: 0/0
 15388 | Lair:4   | Learned a level 6 spell: Starburst
 15559 | Lair:4   | Found a large runed translucent door.
 15559 | Lair:4   | Found a large runed translucent door.
 15563 | Lair:4   | Noticed Fiha's ghost (journeyman VSSh)
 15614 | Lair:4   | Found a viscous altar of Jiyva.
 15615 | Lair:4   | Found a staircase to the Slime Pits.
 16090 | Lair:4   | You are sucked into a shaft and drop 1 floor!
 16090 | Lair:5   | Entered Level 5 of the Lair of Beasts
 16337 | Lair:5   | Reached skill level 13 in Ranged Weapons
 16659 | Lair:5   | Killed from afar by an acid dragon

Illustrated notes

Levels and vault maps discovered:
D:1:      tarquinn_simple_flora_water_b, layout_basic, minmay_pentomino_v4
D:2:      layout_basic, ebering_ecumenical_altar_petrified,
          minmay_close_crescents
D:3:      layout_loops_cross, lemuel_doored_altar,
          minmay_misc_feat_secret_circle, minmay_unequal
D:4:      layout_loops_ring, lemuel_tele_altar, skrybe_limestone_x,
          uniq_duvessa, uniq_natasha, uniq_eustachio
D:5:      wad_crossroads, layout_basic, mainiacjoe_overflow_boulevard
D:6:      layout_cave_pools, minmay_temple_entry_glass, gammafunk_ghost_split,
          hangedman_decor_lopped, uniq_blork_the_orc, uniq_maggie, uniq_sigmund,
          uniq_edmund
D:7:      layout_cave_pools, mainiacjoe_overflow_alcove_1,
          gammafunk_temple_overflow_forgotten, serial_column_ruins,
          column_ruins_circle_medium, column_ruins_columns_straight,
          column_ruins_grid_1, column_ruins_corridor_T, column_ruins_grid_1,
          column_ruins_open_medium, column_ruins_columns_straight,
          column_ruins_grid_3, minmay_mini_ossuary, uniq_pikel, uniq_joseph
D:8:      layout_loops_corners, lemuel_coloured_pillars_altar,
          minmay_alternating_orb
D:9:      layout_stronghold, mainiacjoe_overflow_alcove_4,
          mainiacjoe_overflow_surrounded_room, dpeg_oklobed_lair, serial_shops,
          shop
D:10:     layout_roguey, amcnicky_altar_gilded, orc_0_dummy, kennysheep_donut
D:11:     layout_gridville
D:12:     layout_loops_ring, serial_shops, shop, shop,
          nicolae_shop_window_shopping, shop, shop, grunt_ministairs_5,
          nicolae_qazlal_style_of_elements, uniq_jorgrun, uniq_frances,
          uniq_lodul
D:13:     layout_rooms
Lair:1:   layout_roguey, disabler_island, serial_bayou_shore_a,
          lemuel_fruit_fields
Lair:2:   layout_misc_corridors, guppyfry_snake_entry_island, evilmike_ambush
          [evilmike_ambush_outer_pillars, evilmike_ambush_inner_basic]
Lair:3:   layout_regular_city, minmay_shoals_entry_hut,
          chequers_serial_rivers_large_a
Lair:4:   layout_cave_pods, slime_entry_1, ebering_ghost_disaster_area,
          lemuel_fruit_fields, grunt_megastairs_3, uniq_sonja
Lair:5:   wormcave, layout_cave_pods, guppyfry_lair_end_dragon,
          kilobyte_rumbling_trees

Skill      XL: |  1  2  3  4  5  6  7  8  9 10 11 12 13 14 15 |
---------------+----------------------------------------------+-----
Stealth        | 1 2 3 4 |  4.0
Dodging        | 3 4 5 6 8 |  8.0
Fighting       | 3 4 5 7 8 |  8.0
Ranged Weapons | 4 6 8 9 10 11 12 13 | 13.0
Spellcasting   | 1 3 5 6 8 11 | 11.7
Conjurations   | 1 3 5 6 8 11 | 11.7
Hexes          | 1 3 5 6 8 11 | 11.7
Summonings     | 1 3 5 6 8 11 | 11.7
Necromancy     | 1 3 5 6 8 11 | 11.7
Translocations | 1 3 5 6 8 11 | 11.7
Fire Magic     | 1 3 5 6 8 11 | 11.7
Ice Magic      | 1 3 5 6 8 11 | 11.7
Air Magic      | 1 3 5 6 8 11 | 11.7
Earth Magic    | 1 3 5 6 8 11 | 11.7
Alchemy        | 1 3 5 6 8 11 | 11.7
Armour         | 2 4 |  4.0
Invocations    | 2 4 5 |  5.0
Polearms       | 2 4 6 7 |  7.0

Action                     |  1- 3 |  4- 6 |  7- 9 | 10-12 | 13-15 || total
---------------------------+-------+-------+-------+-------+-------++-------
  Melee: Unarmed           |       |    12 |     7 |       |       ||    19
         Spear             |       |       |       |   247 |    52 ||   299
         Flail             |       |       |       |     6 |     4 ||    10
         Punch             |       |       |       |     2 |     1 ||     3
   Fire: Shortbow          |   110 |   133 |   264 |   352 |   781 ||  1640
   Cast: Summon Blazeheart |       |       |     7 |    76 |    78 ||   161
         Teleport Other    |       |       |       |     1 |       ||     1
         Blink             |       |       |       |     2 |       ||     2
         Borgnjor's Vile C |       |       |       |       |    14 ||    14
         Starburst         |       |       |       |       |     1 ||     1
  Evoke: Wand              |       |       |       |       |     3 ||     3
    Use: Scroll            |       |     4 |    11 |     3 |    15 ||    33
         Potion            |       |     1 |       |       |     1 ||     2
   Stab: Distracted        |       |       |       |     6 |       ||     6
         Sleeping          |       |       |       |       |     1 ||     1
 Armour: Leather armour    |     5 |       |    73 |   248 |    37 ||   363
         Ring mail         |    26 |    38 |       |       |       ||    64
         Skin              |       |    17 |    10 |       |       ||    27
         Scale mail        |       |    11 |     2 |       |       ||    13
         Steam dragon scal |       |       |       |       |   234 ||   234
  Dodge: Dodged            |    38 |    41 |   151 |   328 |   442 ||  1000
